 Dungeon Crawl Stone Soup version 0.28-b1-25-g9875b3fc8c (webtiles) character file.

Game seed: 15852018044941670492

7 mcbry74 the Insei (level 2, 20/23 HPs)
             Began as a Gnoll Transmuter on Feb 1, 2022.
             Quit the game on level 1 of the Dungeon.
             The game lasted 00:01:18 (290 turns).

mcbry74 the Insei (Gnoll Transmuter)                 Turns: 290, Time: 00:01:19

Health: 20/23      AC:  2    Str:  9    XL:     2   Next: 0%
Magic:  7/7        EV: 13    Int: 12    God:
Gold:   5          SH:  0    Dex: 12    Spells: 9/10 levels left

rFire   . . .      SeeInvis .     - Unarmed
rCold   . . .      Faith    .   (no shield)
rNeg    . . .      Spirit   .   a - +0 robe
rPois   .          Reflect  .   (no helmet)
rElec   .          Harm     .   (no cloak)
rCorr   .          Rampage  .   (no gloves)
Will    .....                   (no boots)
Stlth   +.........              (no amulet)
HPRegen 0.07/turn               (no ring)
MPRegen 0.10/turn               (no ring)

@: no status effects
A: fangs 1, strong nose, distributed training
a: no special abilities


You were on level 1 of the Dungeon.
You visited 1 branch of the dungeon, and saw 1 of its levels.

You collected 5 gold pieces.

Inventory:

Armour
 a - a +0 robe (worn)
Scrolls
 b - a scroll of blinking {unknown}


   Skills:
 + Level 2.4 Fighting
 + Level 0.2 Short Blades
 + Level 0.2 Long Blades
 + Level 0.2 Axes
 + Level 0.2 Maces & Flails
 + Level 0.2 Polearms
 + Level 0.2 Staves
 + Level 0.2 Slings
 + Level 0.2 Bows
 + Level 0.2 Crossbows
 + Level 0.2 Throwing
 + Level 0.2 Armour
 + Level 4.4 Dodging
 + Level 0.2 Stealth
 + Level 0.2 Shields
 + Level 6.4 Unarmed Combat
 + Level 4.9 Spellcasting
 + Level 0.1 Conjurations
 + Level 0.1 Hexes
 + Level 0.1 Summonings
 + Level 0.1 Necromancy
 + Level 0.1 Translocations
 + Level 3.6 Transmutations
 + Level 0.1 Fire Magic
 + Level 0.1 Ice Magic
 + Level 0.1 Air Magic
 + Level 0.1 Earth Magic
 + Level 0.1 Poison Magic
 + Level 0.3 Invocations
 + Level 0.2 Evocations


You had 9 spell levels left.
You knew the following spells:

 Your Spells              Type           Power      Damage    Failure   Level
a - Beastly Appendage     Tmut           22%        N/A       4%          1

Your spell library contained the following spells:

 Spells                   Type           Power      Damage    Failure   Level
 Wereblood                Tmut           11%        N/A       7%          2
 Spider Form              Tmut/Pois      7%         N/A       28%         3
 Ice Form                 Ice/Tmut       7%         N/A       67%         4


Dungeon Overview and Level Annotations

Branches:
Dungeon (1/15)

Altars:


Innate Abilities, Weirdness & Mutations

You have very sharp teeth.
Your uncanny sense of smell can sniff out nearby items.
Your experience applies equally to all skills.


Message History

The kobold shouts!
A bat comes into view.
The bat moves out of view.
You see here a +0 short sword.
The bat misses you.
You closely miss the bat. The bat closely misses you. x2
You barely miss the bat. You bite the bat, but do no damage.
The bat barely misses you. The kobold hits you with a +0 club.
You hit the kobold.
You kill the kobold!
The bat completely misses you.
You punch the bat!
You kill the bat!
No target in view!
Things that are here:
a +0 club; a kobold corpse A rat comes into view.
A quokka comes into view.
Found a robe.
The helpless rat fails to defend itself.
You hit the rat but do no damage. The rat barely misses you.
You hit the rat.
The rat is heavily wounded.
The rat bites you but does no damage.
You barely miss the rat. Your punch misses the rat.
The rat is heavily wounded.
The rat barely misses you.
You closely miss the rat.
The rat is heavily wounded.
You closely miss the rat.
The rat is heavily wounded.
The rat bites you.
You hit the rat but do no damage.
The rat is heavily wounded.
The rat bites you but does no damage.
You punch the rat!
You kill the rat!
The quokka closely misses you.
You have reached level 2!
Are you sure you want to abandon this character and quit the game? (Confirm with "yes".)

...#...[ .........
##.#...#.#. .........
..................
#.....# ##... ...
#.r...# .... ..
#@#...# #..# #.
#.....# #).# ###.
#.....# #..# ...
#...(.# #..#####.
#.....####.....)..
#..........##.#.#.
#######.#.......#.#...
................#.####
########.#####).#.# #


You could see a quokka.

Vanquished Creatures
  A hobgoblin (D:1)
  3 bats (D:1)
  2 kobolds (D:1)
  A rat (D:1)
7 creatures vanquished.

Notes
Turn   | Place    | Note
-------+----------+-------------------------------------------
     0 | D:1      | mcbry74 the Gnoll Transmuter began the quest for the Orb.
     0 | D:1      | Reached XP level 1. HP: 17/17 MP: 6/6
   290 | D:1      | Reached XP level 2. HP: 20/23 MP: 7/7
   290 | D:1      | Quit the game

Illustrated notes

Levels and vault maps discovered:
D:1:      giann_wishing_wells, layout_basic

Action                   || total
-------------------------++-------
Melee: Unarmed           ||    27
       Bite              ||     1
 Stab: Sleeping          ||     1
Armor: Robe              ||     8
Dodge: Dodged            ||    31
